 Dungeon Crawl Stone Soup version 0.27.1-33-g824d729ab1 (webtiles) character file.

Game seed: 7813858100944617540

51 zeram the Ducker (level 3, 0/19 HPs)
             Began as a Spriggan Fighter on Dec 22, 2021.
             Succumbed to an adder's poison
             ... on level 2 of the Dungeon.
             The game lasted 00:02:54 (2319 turns).

zeram the Ducker (Spriggan Fighter)                 Turns: 2319, Time: 00:02:54

Health: 0/19       AC:  2    Str: 12    XL:     3   Next: 57%
Magic:  4/4        EV: 19    Int: 10    God:
Gold:   115        SH:  7    Dex: 20    Spells: 2/2 levels left

rFire    . . .     SeeInvis +   a - +0 rapier
rCold    . . .     Faith    .   c - +0 buckler
rNeg     . . .     Spirit   .   b - +0 robe
rPois    .         Reflect  .   (helmet restricted)
rElec    .         Harm     .   (no cloak)
rCorr    .         Rampage  .   (gloves unavailable)
Will     .....                  (boots unavailable)
Stlth    ++........             (no amulet)
HPRegen  0.06/turn              e - +6 ring of dexterity
MPRegen  0.09/turn              (no ring)

@: mighty, lethally poisoned (0 -> -1), hasted, very quick
A: very small, no large weapons, unfitting armour, see invisible, speed 3
a: no special abilities


You were on level 2 of the Dungeon.
You visited 1 branch of the dungeon, and saw 2 of its levels.

You collected 115 gold pieces.

Inventory:

Hand Weapons
 a - a +0 rapier (weapon)
Missiles
 g - 14 poisoned darts (quivered)
Armour
 b - a +0 robe (worn)
 c - a +0 buckler (worn)
Jewellery
 e - a +6 ring of dexterity (left hand)
Scrolls
 f - a scroll of noise {unknown}
Potions
 i - a potion of attraction
 l - a potion of magic


   Skills:
 - Level 2.4 Fighting
 - Level 2.1 Short Blades
 - Level 0.2 Throwing
 - Level 4.0 Dodging
 + Level 3.4 Shields


You had 2 spell levels left.
You didn't know any spells.
Your spell library contained the following spells:

 Spells                   Type           Power      Damage    Failure   Level
 Animate Skeleton         Necr           0%         N/A       43%         1
 Apportation              Tloc           0%         N/A       43%         1
 Corona                   Hex            0%         N/A       43%         1
 Summon Small Mammal      Summ           0%         N/A       43%         1


Dungeon Overview and Level Annotations

Branches:
Dungeon (2/15)

Altars:


Innate Abilities, Weirdness & Mutations

You are very small and have problems with some larger weapons.
You are too small for most types of armour.
You have supernaturally acute eyesight. (SInv)
You cover ground extremely quickly. (Speed+++)


Message History

An adder comes into view.
An adder is nearby!
An adder is nearby!
An adder is nearby!
An adder is nearby!
You hit the adder.
The adder is lightly wounded.
The adder closely misses you.
You hit the adder.
The adder is heavily wounded.
The adder closely misses you.
You closely miss the adder.
The adder is heavily wounded.
The adder bites you.
You are poisoned.
The adder poisons you! The adder bites you.
You are lethally poisoned!
The adder poisons you!
It was a potion of haste.
You feel yourself speed up.
You feel very sick. You block the adder's attack.
You feel sick.
You feel sick.
You feel sick.
You feel sick.
You feel sick.
* * * LOW HITPOINT WARNING * * *
You feel sick.
* * * LOW HITPOINT WARNING * * *
You feel sick.
You open the door.
* * * LOW HITPOINT WARNING * * *
You feel sick.
There is an open door here.
* * * LOW HITPOINT WARNING * * *
You feel sick.
* * * LOW HITPOINT WARNING * * *
You feel sick.
You feel very mighty all of a sudden.
You die...

.# .# .###########
...........#
...........#
...........#
...........##########.##
..........S'....@......#
...........#############
...........#
...........#
...........#
...........#
...........#
...........#
...........#


You could see an adder.

Vanquished Creatures
  A worm (D:2)
  2 dart slugs
  5 bats
  5 endoplasms
  3 giant cockroaches
  2 goblins
  4 hobgoblins (D:1)
  7 jackals
  4 ball pythons
  2 kobolds (D:2)
  2 rats
37 creatures vanquished.

Notes
Turn   | Place    | Note
-------+----------+-------------------------------------------
     0 | D:1      | zeram the Spriggan Fighter began the quest for the Orb.
     0 | D:1      | Reached XP level 1. HP: 11/11 MP: 2/2
   298 | D:1      | Reached XP level 2. HP: 10/16 MP: 3/3
  1796 | D:2      | Reached XP level 3. HP: 12/19 MP: 4/4
  2319 | D:2      | Succumbed to an adder's poison

Illustrated notes

Levels and vault maps discovered:
D:1:      minmay_arrival_arboretum_small, layout_loops_ring,
          serial_bayou_lagoon_a
D:2:      layout_basic, serial_shops, shop, minmay_fractal_squares_5,
          uniq_jessica

Skill      XL: |  1  2 |
---------------+-------+-----
Shields        | 3 |  3.4
Fighting       | |  2.4
Short Blades   | |  2.1
Throwing       | |  0.2
Dodging        | |  4.0

Action                   || total
-------------------------++-------
Melee: Rapier            ||   144
Throw: Dart              ||     9
  Use: Scroll            ||     5
       Potion            ||     2
 Stab: Sleeping          ||     2
Armor: Robe              ||     9
Dodge: Dodged            ||   115
Block: Buckler           ||    68
